AoeStats
← Lubka

Arena

508878886Analyzed
1v1 RM · 8d ago on Sep 24, 2026· 20m 38s· 2 players
Game mode
Random Map
Map size
Tiny (2 player)
Population
200
Speed
Normal
Resources
Standard
Victory
Conquest
Starting age
Dark Age
Ending age
Imperial Age
RankedLock teamsTeams togetherTeam positionsShared explorationLock speedFull tech treeHidden civsTurbo modeCheats
Victory
Defeat
🇦🇹 Khmer · Austria
1109
+15
🇩🇪 Britons · Germany
1093
-15
XICOTERO96
10:21 Feudal Age
14:04 Castle Age
14:29 Castle Age
12:24 Double-Bit Axe
12:40 Horse Collar
13:54 Gold Mining
Lubka
9:37 Feudal Age
9:00 Loom
12:43 Castle Age
12:05 Double-Bit Axe
20:35 Husbandry
Connection lost

Rejoining the realm…

Still unreachable

The connection could not be restored.

Session expired

The server has moved on; the page needs a fresh start.